 Dungeon Crawl Stone Soup version 0.27.1-35-g4d5d836560 (webtiles) character file.

Game seed: 14526304163996443388

2058 Delamore the Covert (level 9, -4/58 HPs)
             Began as an Octopode Brigand on Mar 25, 2022.
             Was an Initiate of Gozag.
             Slain by an orc warrior (14 damage)
             ... on level 7 of the Dungeon.
             The game lasted 00:05:54 (7264 turns).

Delamore the Covert (Octopode Brigand)              Turns: 7264, Time: 00:05:55

Health: -4/58      AC:  5    Str: 11    XL:     9   Next: 25%
Magic:  9/9        EV: 14    Int: 13    God:    Gozag
Gold:   225        SH:  6    Dex: 16    Spells: 8/8 levels left

rFire    + . .     SeeInvis .   t - +9 short sword "Niakh" {holy, rF+ rN+ Stlth+}
rCold    . . .     Faith    .   l - +1 buckler
rNeg     + . .     Spirit   .   (helmet restricted)
rPois    .         Reflect  .   y - amulet of the acrobat
rElec    .         Harm     .   s - +4 ring of protection
rCorr    .         Rampage  .   (no ring)
Will     .....                  (no ring)
Stlth    ++++++....             (no ring)
HPRegen  0.19/turn              (no ring)
MPRegen  0.11/turn              (no ring)
                                (no ring)
                                (no ring)

@: gold aura
A: almost no armour, amphibious, 8 rings, camouflage 1, gelatinous body 1,
(nimble swimmer 1), tentacles
a: Renounce Religion, Potion Petition, Call Merchant, Bribe Branch


You were on level 7 of the Dungeon.
You worshipped Gozag.
Gozag was aware of your devotion.
You visited 2 branches of the dungeon, and saw 8 of its levels.

You collected 347 gold pieces.
You paid 122 gold pieces to Gozag.

Inventory:

Hand Weapons
 a - a +2 dagger
 t - the +9 short sword "Niakh" (weapon) {holy, rF+ rN+ Stlth+}
   (You found it on level 4 of the Dungeon)

   It has been blessed by the Shining One to cause great damage to the undead
   and demons.
   rF:        It protects you from fire.
   rN:        It protects you from negative energy.
   Stlth:     It makes you more stealthy.
Missiles
 b - 20 poisoned darts (quivered)
 c - a curare-tipped dart
 j - 12 boomerangs
 r - 3 atropa-tipped darts
Armour
 l - a +1 buckler (worn)
Jewellery
 q - a ring of fire
 s - a +4 ring of protection (left tentacle)
 y - an amulet of the acrobat (around mantle)
Wands
 m - a wand of flame (8)
 A - a wand of polymorph (7)
 D - a wand of iceblast (9)
Scrolls
 g - 2 scrolls of blinking
 h - a scroll of noise
 i - a scroll of holy word
 k - 2 scrolls of vulnerability
 o - 2 scrolls of enchant armour
 u - 2 scrolls of teleportation
 w - a scroll of magic mapping {unknown}
 B - 2 scrolls of immolation {unknown}
 C - a scroll of enchant weapon {unknown}
Potions
 d - a potion of might {unknown}
 e - a potion of resistance
 f - a potion of ambrosia {unknown}
 n - a potion of curing {unknown}
 p - a potion of lignification {unknown}
 v - a potion of attraction {unknown}
 x - a potion of brilliance {unknown}
 z - a potion of degeneration {unknown}
 E - a potion of berserk rage {unknown}


   Skills:
 + Level 3.6 Fighting
 + Level 8.5 Short Blades
 - Level 2.0 Throwing
 + Level 3.1 Dodging
 - Level 10.0 Stealth
 - Level 4.0 Shields


You had 8 spell levels left.
You didn't know any spells.
Your spell library contained the following spells:

 Spells                   Type           Power      Damage    Failure   Level
 Summon Small Mammal      Summ           0%         N/A       30%         1
 Call Canine Familiar     Summ           0%         N/A       67%         3
 Summon Guardian Golem    Hex/Summ       0%         N/A       67%         3
 Summon Lightning Spire   Summ/Air       0%         N/A       97%         4
 Storm Form               Tmut/Air       0%         N/A       100%        7
 Maxwell's Capacitive Co  Air            0%         ∞         100%        8


Dungeon Overview and Level Annotations

Branches:
Dungeon (7/15)             Temple (1/1) D:7

Altars:
Ashenzari
Dithmenos
Elyvilon
Fedhas
Gozag
Hepliaklqana
Kikubaaqudgha
Makhleb
Nemelex Xobeh
Okawaru
Qazlal
Ru
Trog
Uskayaw
Wu Jian
Xom
Yredelemnul
Zin
The Shining One


Innate Abilities, Weirdness & Mutations

You cannot wear most types of armour.
You are amphibious.
You can wear up to eight rings at the same time.
Your skin changes colour to match your surroundings (Stealth+).
Your rubbery body absorbs attacks. (AC +1, EV +1)
((You are camouflaged near water. (Stealth+)))
You have tentacles for arms and can constrict up to eight enemies at once.


Message History

The orc warrior is moderately wounded.
You constrict the orc warrior, but do no damage.
You hit the orc warrior but do no damage.
You squeeze the orc warrior, but do no damage.
The orc warrior is moderately wounded.
You constrict the orc warrior, but do no damage.
The orc wizard casts a spell at you.
You are confused.
The orc warrior hits you but does no damage.
The orc priest calls upon Beogh to heal the orc warrior.
The orc warrior is healed somewhat.
You are too confused!
You are too confused!
You are too confused!
You are too confused!
You are too confused!
You bump into the tree.
You constrict the orc warrior, but do no damage.
The orc warrior struggles to escape constriction.
The orc priest looks braver for a moment.
You release your grip on the orc warrior.
The orc wizard completely misses you.
You puncture the orc wizard!
The orc wizard is almost dead.
The orc warrior hits you with a +0 battleaxe!!
The orc wizard points at you and mumbles some strange words.
The magic dart hits you! The orc warrior completely misses you.
The orc wizard hits you but does no damage.
The orc priest misses you.
The orc warrior hits you with a +0 battleaxe!
The orc wizard completely misses you.
The orc priest calls down the wrath of Beogh upon you.
Beogh smites you!
* * * LOW HITPOINT WARNING * * *
You bump into the tree.
You feel less confused.
The orc warrior hits you with a +0 battleaxe!
You die...
Your body crumbles into a pile of gold.

#<# #.# #.#
#)#########.# #
#...).......# #.##
######)###### ...
#.#
##.##.##########.#
........@......#.#
.#.##.ooo♣♣......#
#..$♣♣♣♣♣.##.#
#...♣ ♣.##..#
#...♣ ♣.##...#
#...♣ ♣.#......
....♣ ♣.....>###
..#..♣ ..###.## $
...#... ..# .#


You could see an orc warrior, an orc priest and an orc wizard.

Vanquished Creatures
  Pikel (D:6)
  Prince Ribbit (D:5)
  2 water moccasins (D:7)
  An orc warrior (D:7)
  A necrophage (D:5)
  3 ogres
  4 lemures
  An electric eel (D:6)
  A howler monkey (D:4)
  A centaur zombie (D:5)
  4 orc priests
  A bullfrog skeleton (D:5)
  A gnoll shaman (D:7)
  Jessica (D:2)
  Crazy Yiuf (D:2)
  Ijyb (D:5)
  2 iguanas
  Natasha (twice) (D:4)
  2 orc wizards
  A hound skeleton (D:4)
  A howler monkey skeleton (D:5)
  4 adders
  5 gnolls
  A shadow imp (D:5)
  A worm (D:2)
  14 dart slugs
  20 orcs
  13 ball pythons
  5 bats
  2 endoplasms
  2 giant cockroaches (D:3)
  2 goblins
  7 hobgoblins
  6 jackals
  4 quokkas
  4 frilled lizards
  5 kobolds
  6 rats
134 creatures vanquished.

Vanquished Creatures (others)
  A dart slug (D:6)
1 creature vanquished.

Grand Total: 135 creatures vanquished

Notes
Turn   | Place    | Note
-------+----------+-------------------------------------------
     0 | D:1      | Delamore the Octopode Brigand began the quest for the Orb.
     0 | D:1      | Reached XP level 1. HP: 14/14 MP: 1/1
   302 | D:1      | Found a faded altar of an unknown god.
   332 | D:1      | Reached XP level 2. HP: 19/19 MP: 2/2
   603 | D:1      | Reached skill level 6 in Stealth
   659 | D:1      | Reached XP level 3. HP: 14/24 MP: 3/3
  1754 | D:2      | Reached XP level 4. HP: 29/29 MP: 4/4
  1850 | D:2      | Reached skill level 7 in Stealth
  1954 | D:2      | Noticed Jessica
  1964 | D:2      | Killed Jessica
  1975 | D:2      | Reached skill level 1 in Shields
  2332 | D:2      | Found a runed translucent door.
  2333 | D:2      | Noticed Crazy Yiuf
  2392 | D:2      | Killed Crazy Yiuf
  2393 | D:2      | Reached XP level 5. HP: 22/34 MP: 5/5
  2601 | D:3      | Found a hazy altar of Hepliaklqana.
  3266 | D:4      | Found a stormy altar of Qazlal.
  3545 | D:4      | Noticed an ogre
  3554 | D:4      | Killed an ogre
  3555 | D:4      | Reached skill level 8 in Stealth
  3555 | D:4      | Reached XP level 6. HP: 39/39 MP: 6/6
  3618 | D:4      | Found a blossoming altar of Fedhas.
  3724 | D:4      | Noticed Natasha
  3726 | D:4      | Identified the +9 short sword "Niakh" {holy, rF+ rN+
                  | Stlth+}
  3732 | D:4      | Killed Natasha
  3767 | D:4      | Noticed Natasha
  3775 | D:4      | Killed Natasha
  3923 | D:5      | Entered Level 5 of the Dungeon
  4158 | D:5      | Reached XP level 7. HP: 43/45 MP: 7/7
  4400 | D:5      | Found a white marble altar of Elyvilon.
  4490 | D:5      | Noticed Prince Ribbit
  4497 | D:5      | Killed Prince Ribbit
  4498 | D:5      | Reached skill level 5 in Short Blades
  4498 | D:5      | Reached skill level 9 in Stealth
  4562 | D:5      | Noticed Ijyb
  4565 | D:5      | Killed Ijyb
  4799 | D:5      | Reached XP level 8. HP: 25/50 MP: 8/8
  5305 | D:6      | Noticed Pikel
  5657 | D:6      | Killed Pikel
  5658 | D:6      | Reached skill level 10 in Stealth
  6075 | D:6      | Found a sacrificial altar of Ru.
  6220 | D:6      | Found a shadowy altar of Dithmenos.
  6548 | D:7      | Reached XP level 9. HP: 55/55 MP: 9/9
  7086 | D:7      | Found a staircase to the Ecumenical Temple.
  7127 | Temple   | Entered the Ecumenical Temple
  7183 | Temple   | Became a worshipper of Gozag Ym Sagoz the Greedy
  7264 | D:7      | Slain by an orc warrior

Illustrated notes

Levels and vault maps discovered:
D:1:      co_arrival_random_square_maze, layout_basic,
          ebering_ecumenical_altar_mist
D:2:      layout_rooms, serial_glass, glass_columns_b, glass_columns_a,
          glass_columns_b, due_unseen_surprise, feat_on_display,
          minmay_strange_pillars, kennysheep_generic_room_6,
          uniq_crazy_yiuf_cottage, uniq_jessica
D:3:      layout_rooms, nicolae_hepliaklqana_hippocampus,
          chequers_serial_rivers_micro_b
D:4:      layout_loops_cross, fedhas_altar_1,
          mainiacjoe_overflow_small_starburst, uniq_natasha
D:5:      layout_basic, mainiacjoe_overflow_alcove_2, uniq_prince_ribbit1,
          uniq_ijyb
D:6:      kennysheep_slugbush, layout_cave_pools, general_overflow_altar,
          mainiacjoe_overflow_alcove_1, uniq_pikel
D:7:      layout_loops_ring, grunt_temple_overflow_diamond, temple_statues,
          chequers_avenue, nrook_campfire
Temple:   cyrus_circular_temple

Skill      XL: |  1  2  3  4  5  6  7  8  9 |
---------------+----------------------------+-----
Stealth        | 6 7 8 9 10 | 10.0
Short Blades   | 3 4 5 8 |  8.5
Shields        | 1 2 3 4 |  4.0
Dodging        | 2 3 |  3.1
Fighting       | 3 |  3.6
Throwing       | |  2.0

Action                   |  1- 3 |  4- 6 |  7- 9 || total
-------------------------+-------+-------+-------++-------
Melee: Dagger            |    54 |    88 |       ||   142
       Constrict         |    11 |    16 |    30 ||    57
       Tentacles         |     4 |    11 |    26 ||    41
       Short sword       |       |     6 |   133 ||   139
Throw: Dart              |       |     6 |     2 ||     8
       Boomerang         |       |     3 |       ||     3
  Use: Scroll            |       |     4 |     2 ||     6
 Stab: Sleeping          |    18 |    13 |    15 ||    46
Armor: Skin              |     4 |     5 |    13 ||    22
Dodge: Dodged            |    25 |    32 |    42 ||    99
Block: Buckler           |       |     9 |    31 ||    40
